 Dungeon Crawl Stone Soup version 0.30-a0-161-gdd60e06945 (webtiles) character file.

Game seed: 16438610643667010078

763 qw the Chopper (level 7, -3/40 (44) HPs)
             Began as a Gargoyle Fighter on Sept 27, 2022.
             Killed from afar by a vampire mage (11 damage)
             ... with a bolt of negative energy
             ... on level 1 of the Abyss.
             The game lasted 00:01:39 (4624 turns).

qw the Chopper (Gargoyle Fighter)                   Turns: 4624, Time: 00:01:39

HP:   -3/40 (44)    AC: 19    Str: 21    XL:     7   Next: 81%
MP:   7/7           EV:  5    Int:  9    God:
Gold: 178           SH:  9    Dex:  9    Spells: 6/6 levels left

rFire   . . .      SeeInvis .    Y - +0 war axe (chaos)
rCold   . . .      Faith    .    c - +0 buckler
rNeg    + . .      Spirit   .    a - +0 plate armour
rPois   inf        Reflect  +    p - +0 helmet
rElec   +          Harm     .    e - +0 cloak
rCorr   .          Rampage  .    (no gloves)
Will    .....                    (no boots)
Stlth   ..........               h - amulet of reflection
HPRegen 0.13/turn                (no ring)
MPRegen 0.10/turn                (no ring)

@: drained
A: sickness immunity, AC +4, negative energy resistance 1, electricity
resistance, torment resistance 1, petrification resistance
a: no special abilities


You were on level 1 of the Abyss.
You visited 1 branch of the dungeon, and saw 5 of its levels.
You visited the Abyss 1 time.

You collected 178 gold pieces.


Innate Abilities, Weirdness & Mutations

You are immune to sickness and miasma.
Your stone body is resilient. (AC +4)
You are immune to poison.
You resist negative energy. (rN+)
You are resistant to electric shocks. (rElec)
You are resistant to unholy torment.
You are immune to petrification.


   Skills:
 + Level 4.7 Fighting
 - Level 7.0 Axes
 - Level 4.0 Armour
 - Level 3.2 Shields


You had 6 spell levels left.
You didn't know any spells.
Your spell library was empty.

Inventory:

Hand Weapons
 b - a +0 flail
 Y - a +0 war axe of chaos (weapon)
Missiles
 f - 6 boomerangs (quivered)
Armour
 a - a +0 plate armour (worn)
 c - a +0 buckler (worn)
 e - a +0 cloak (worn)
 p - a +0 helmet (worn)
Jewellery
 h - an amulet of reflection (around neck)
 j - a ring of ice
Scrolls
 g - a scroll of identify
Potions
 d - a potion of might
 k - a potion of resistance
 l - a potion of haste
 m - a potion of lignification {unknown}
 n - a potion of curing

Dungeon Overview and Level Annotations

Branches:
Dungeon (5/15)
 Temple: D:4-7

Altars:
Hepliaklqana
Ru
Uskayaw
Wu Jian
Yredelemnul


Message History

The orc hits you but does no damage.
You are cast into the Abyss!
This branch contains the abyssal rune of Zot.
4612 ||| DRINKING 2 red potions.
It was a potion of curing.
You feel better.
A vampire mage comes into view.
The vampire mage points at you and mumbles some strange words.
The bolt of negative energy hits you. You partially resist.
You feel drained.
You barely miss the vampire mage.
The vampire mage points at you and mumbles some strange words.
The bolt of negative energy hits you! You partially resist.
You feel drained.
You hit the vampire mage but do no damage.
The vampire mage suddenly seems more agile.
The vampire mage hits you!
The vampire mage bites you but does no damage.
You barely miss the vampire mage. The vampire mage hits you!
The vampire mage bites you but does no damage.
You closely miss the vampire mage. The vampire mage hits you.
You block the vampire mage's attack.
You hit the vampire mage. You burn the vampire mage.
The vampire mage is lightly damaged.
The vampire mage hits you. You block the vampire mage's attack.
You hit the vampire mage but do no damage.
The vampire mage is lightly damaged.
The vampire mage casts a spell at you. The bolt of negative energy misses you.
The vampire mage mumbles some strange words.
The vampire mage flickers and vanishes!
Deactivating autopickup; reactivate with Ctrl-A.
You completely miss something. Something hits you but does no damage.
Something bites you but does no damage.
You completely miss something. You block something's attack.
Something bites you but does no damage.
You closely miss something. Something completely misses you.
Something bites you but does no damage.
You closely miss something.
You hear some strange, mumbled words.
A bolt of negative energy appears from out of thin air!
The bolt of negative energy hits you! You partially resist.
You feel drained.
You die...

## # .#.
##.. #..
#.# #.# #@#
........{.#
#..##.#...#
###.....
.....#.
....## ..
....# .
......


There were no monsters in sight!

Vanquished Creatures
  An ogre (D:5)
  A phantom (D:5)
  A necrophage (D:4)
  3 orc priests
  3 hounds
  Jessica (D:3)
  An orc wizard (D:3)
  Natasha (thrice) (D:2)
  4 adders
  6 gnolls
  A white imp (D:3)
  An ufetubus (D:4)
  3 worms
  3 dart slugs
  24 orcs
  6 ball pythons
  4 endoplasms
  3 giant cockroaches
  6 hobgoblins
  5 jackals
  2 quokkas (D:1)
  6 bats
  3 frilled lizards
  5 goblins
  6 kobolds
  4 rats
106 creatures vanquished.

Vanquished Creatures (others)
  An orc zombie (D:5)
1 creature vanquished.

Grand Total: 107 creatures vanquished

Notes
Turn   | Place    | Note
-------+----------+-------------------------------------------
     0 | D:1      | qw the Gargoyle Fighter began the quest for the Orb.
     0 | D:1      | Reached XP level 1. HP: 14/14 MP: 1/1
     0 | D:1      | 0 ||| qw: Version: 0.2-a-10-g37ed214
     0 | D:1      | 0 ||| qw: Game counter: 696
     0 | D:1      | 0 ||| qw: Always use a shield: true
     0 | D:1      | 0 ||| qw: God list: Okawaru
     0 | D:1      | 0 ||| qw: Allow faded altars: false
     0 | D:1      | 0 ||| qw: Do Orc after D:15 true
     0 | D:1      | 0 ||| qw: Do second Lair branch before Depths: true
     0 | D:1      | 0 ||| qw: Lair rune preference: random
     0 | D:1      | 0 ||| qw: Plans: Normal, Zot:1-4, God:TSO, Crypt, Tomb,
                  | Pan, Slime:5, Hells, Abyss, Orb
     0 | D:1      | 0 ||| PLANNING D:1-11
    60 | D:1      | 60 ||| Stepping ~*~*~tactically~*~*~ (stealth).
    61 | D:1      | 61 ||| Stepping ~*~*~tactically~*~*~ (stealth).
    62 | D:1      | 62 ||| Stepping ~*~*~tactically~*~*~ (stealth).
    63 | D:1      | 63 ||| Stepping ~*~*~tactically~*~*~ (stealth).
    65 | D:1      | Reached skill level 2 in Axes
   116 | D:1      | 116 ||| Stepping ~*~*~tactically~*~*~ (stealth).
   136 | D:1      | Reached XP level 2. HP: 19/19 MP: 2/2
   143 | D:1      | 143 ||| DROPPING +0 club.
   154 | D:1      | 154 ||| Stepping ~*~*~tactically~*~*~ (hiding).
   455 | D:1      | Reached skill level 3 in Axes
   517 | D:1      | Reached XP level 3. HP: 23/23 MP: 3/3
   697 | D:1      | 697 ||| READING scroll labelled IFYV TOQEEF.
   700 | D:1      | 700 ||| READING 2 scrolls labelled LAMIQI BITH.
   701 | D:1      | 701 ||| READING scroll labelled ORIPRU XA SYIHOEB.
   702 | D:1      | 702 ||| READING scroll labelled GYNOS XAUSCH.
   794 | D:2      | 794 ||| Stepping ~*~*~tactically~*~*~ (stealth).
   854 | D:2      | Noticed Natasha
   869 | D:2      | Killed Natasha
   870 | D:2      | Reached XP level 4. HP: 7/28 MP: 4/4
  1262 | D:2      | Reached skill level 4 in Axes
  1337 | D:2      | Noticed Natasha
  1338 | D:2      | 1338 ||| Stepping ~*~*~tactically~*~*~ (hiding).
  1343 | D:2      | Killed Natasha
  1748 | D:2      | Noticed Natasha
  1754 | D:2      | Killed Natasha
  1755 | D:2      | Reached XP level 5. HP: 32/32 MP: 5/5
  1757 | D:2      | 1757 ||| UPGRADING to +0 plate armour.
  1767 | D:2      | 1767 ||| DROPPING +0 scale mail.
  1768 | D:2      | 1768 ||| UPGRADING to +0 cloak.
  1773 | D:2      | 1773 ||| DRINKING 2 dark potions.
  1774 | D:2      | 1774 ||| DROPPING potion of flight.
  1854 | D:3      | Found a basalt altar of Yredelemnul.
  1865 | D:3      | Reached skill level 5 in Axes
  1941 | D:3      | Found a hazy altar of Hepliaklqana.
  1943 | D:3      | Found a hide-covered altar of Uskayaw.
  1985 | D:3      | Found an ornate altar of the Wu Jian Council.
  2032 | D:3      | 2032 ||| Stepping ~*~*~tactically~*~*~ (hiding).
  2033 | D:3      | 2033 ||| Stepping ~*~*~tactically~*~*~ (hiding).
  2034 | D:3      | 2034 ||| Stepping ~*~*~tactically~*~*~ (hiding).
  2096 | D:3      | 2096 ||| Stepping ~*~*~tactically~*~*~ (stealth).
  2134 | D:3      | 2134 ||| Stepping ~*~*~tactically~*~*~ (hiding).
  2135 | D:3      | 2135 ||| Stepping ~*~*~tactically~*~*~ (hiding).
  2191 | D:3      | Found a sacrificial altar of Ru.
  2217 | D:3      | Noticed Jessica
  2220 | D:3      | Killed Jessica
  2226 | D:3      | Reached XP level 6. HP: 33/38 MP: 6/6
  2591 | D:3      | 2591 ||| UPGRADING to +0 helmet.
  2596 | D:3      | 2596 ||| READING scroll labelled WORELO QANWAH.
  2597 | D:3      | 2597 ||| READING scroll labelled RISIEXZUNU.
  2598 | D:3      | 2598 ||| READING scroll labelled IRASCH MOWKUVONN.
  2599 | D:3      | 2599 ||| READING scroll labelled RIMIYPNE LAISO.
  2600 | D:3      | 2600 ||| DRINKING 2 murky amethyst potions.
  2601 | D:3      | 2601 ||| READING 4 scrolls of identify.
  2601 | D:3      | 2601 ||| IDENTIFYING coppery potion
  2602 | D:3      | 2602 ||| READING 3 scrolls of identify.
  2602 | D:3      | 2602 ||| IDENTIFYING fizzy dark potion
  2603 | D:3      | 2603 ||| READING 2 scrolls of identify.
  2603 | D:3      | 2603 ||| IDENTIFYING sedimented ruby potion
  2604 | D:3      | 2604 ||| DROPPING potion of brilliance.
  2605 | D:3      | 2605 ||| DROPPING potion of magic.
  2706 | D:4      | 2706 ||| FLEEEEING.
  2707 | D:4      | 2707 ||| STAIRDANCE
  2882 | D:4      | 2882 ||| Stepping ~*~*~tactically~*~*~ (hiding).
  2883 | D:4      | 2883 ||| Stepping ~*~*~tactically~*~*~ (hiding).
  2990 | D:4      | 2990 ||| DROPPING +0 mace.
  3072 | D:4      | 3072 ||| Stepping ~*~*~tactically~*~*~ (stealth).
  3073 | D:4      | 3073 ||| Stepping ~*~*~tactically~*~*~ (hiding).
  3085 | D:4      | Reached skill level 6 in Axes
  3581 | D:4      | Reached XP level 7. HP: 34/43 MP: 7/7
  3665 | D:4      | 3665 ||| Stepping ~*~*~tactically~*~*~ (stealth).
  3924 | D:4      | 3924 ||| UPGRADING to amulet of reflection.
  3929 | D:4      | 3929 ||| READING 2 scrolls of identify.
  3929 | D:4      | 3929 ||| IDENTIFYING fizzy cyan potion
  3930 | D:4      | 3930 ||| DROPPING potion of degeneration.
  3964 | D:5      | Entered Level 5 of the Dungeon
  4063 | D:5      | 4063 ||| Stepping ~*~*~tactically~*~*~ (stealth).
  4064 | D:5      | 4064 ||| Stepping ~*~*~tactically~*~*~ (stealth).
  4065 | D:5      | 4065 ||| Stepping ~*~*~tactically~*~*~ (stealth).
  4069 | D:5      | 4069 ||| Stepping ~*~*~tactically~*~*~ (stealth).
  4083 | D:5      | 4083 ||| Stepping ~*~*~tactically~*~*~ (stealth).
  4180 | D:5      | 4180 ||| Stepping ~*~*~tactically~*~*~ (stealth).
  4181 | D:5      | 4181 ||| Stepping ~*~*~tactically~*~*~ (stealth).
  4192 | D:5      | Reached skill level 7 in Axes
  4248 | D:5      | HP: 2/43 [ogre/+0 giant club (13)]
  4611 | Abyss:1  | Cast into level 1 of the Abyss (orc)
  4612 | Abyss:1  | 4612 ||| DRINKING 2 red potions.
  4613 | Abyss:1  | Noticed a vampire mage
  4618 | Abyss:1  | HP: 10/42 [vampire mage (3)]
  4624 | Abyss:1  | Killed from afar by a vampire mage

Levels and vault maps discovered:
D:1:      lemuel_arrival_rhombus, layout_basic, minmay_tromino_v7
D:2:      layout_loops_ring, minmay_misc_feat_encased, uniq_natasha
D:3:      layout_rooms, lemuel_crystal_altar, grunt_temple_overflow_open,
          general_overflow_altar, uniq_jessica
D:4:      layout_basic, minmay_crystal_room, minmay_liquid_box
D:5:      layout_basic, mainiacjoe_overflow_alcove_1, serial_shops,
          shop_fountains, amcnicky_mini_rare_corridor_liquid, hex_large,
          st_stairs_6, nicolae_shop_vocational
Abyss:1:  base:
D:3

Skill      XL: |  1  2  3  4  5  6  7 |
---------------+----------------------+-----
Axes           | 2 3 4 5 6 7 |  7.0
Fighting       | 4 |  4.7
Armour         | 4 |  4.0
Shields        | |  3.2

Action                   |  1- 3 |  4- 6 |  7- 9 || total
-------------------------+-------+-------+-------++-------
Melee: War axe           |    85 |   139 |    93 ||   317
Throw: Boomerang         |       |     8 |    26 ||    34
  Use: Scroll            |     4 |     7 |     1 ||    12
       Potion            |       |     2 |     1 ||     3
 Stab: Petrifying        |       |     1 |       ||     1
Armor: Scale mail        |    53 |    15 |       ||    68
       Plate armour      |       |   106 |    66 ||   172
Dodge: Dodged            |    43 |    45 |    20 ||   108
Block: Buckler           |    23 |    22 |    34 ||    79

Table legend:
 A = Non-vault XP
 B = Vault XP
 C = Vault XP percentage of total XP
 D = Non-vault monster count
 E = Vault monster count
 F = Vault count percentage of total count
                 A         B        C        D         E       F
            +---------+---------+-------+---------+---------+-------
      Total |     851 |     240 |  22.0 |      99 |       7 |   6.6
            +---------+---------+-------+---------+---------+-------
        D:1 |      30 |       5 |  14.3 |      18 |       3 |  14.3
        D:2 |     121 |      33 |  21.4 |      17 |       1 |   5.6
        D:3 |     162 |      37 |  18.6 |      20 |       1 |   4.8
        D:4 |     341 |       0 |   0.0 |      32 |       0 |   0.0
        D:5 |     197 |     165 |  45.6 |      12 |       2 |  14.3
            +---------+---------+-------+---------+---------+-------
